 Dungeon Crawl Stone Soup version 0.17-a0-2093-gc772f4b (webtiles) character file.

82 brucemayne the Chopper (level 4, 0/39 HPs)
             Began as a Hill Orc Berserker on Oct 16, 2015.
             Was a Follower of Trog.
             Slain by a ball python (1 damage)
             ... on level 3 of the Dungeon.
             The game lasted 00:01:35 (318 turns).

brucemayne the Chopper (Hill Orc Berserker)          Turns: 318, Time: 00:01:35

Health: 0/39       AC:  5    Str: 20    XL:     4   Next: 43%
Magic:  4/4        EV:  8    Int:  7    God:    Trog [*.....]
Gold:   48         SH:  0    Dex: 10    Spells: 0 memorised, 3 levels left

rFire  . . .     SeeInvis .     a - +0 hand axe
rCold  . . .     Clarity  .     h - +0 ring mail
rNeg   . . .     SustAt   .     (no shield)
rPois  .         Gourm    .     (no helmet)
rElec  .         Spirit   .     (no cloak)
rCorr  .         Warding  .     (no gloves)
rMut   .         Stasis   .     (no boots)
MR     .....                    (no amulet)
Stlth  ..........               (no ring)
                                (no ring)

@: lethally poisoned (0 -> -3), exhausted, flying, slowed, constricted, very
slow, not resistant to hostile enchantments, extremely unstealthy
A: no striking features
a: Burn Spellbooks, Berserk, Renounce Religion


You were on level 3 of the Dungeon.
You worshipped Trog.
Trog was aware of your devotion.
You were not hungry.

You visited 1 branch of the dungeon, and saw 4 of its levels.

You collected 48 gold pieces.

Inventory:

Hand Weapons
 a - a +0 hand axe (weapon)
 e - a +1 dagger of protection
Armour
 b - a +0 animal skin
 h - a +0 ring mail (worn)
Scrolls
 d - 2 scrolls of identify {unknown}
 i - a scroll of enchant armour {unknown}
 j - a scroll of teleportation {unknown}
Comestibles
 c - a bread ration
 f - 3 chunks of flesh


   Skills:
 - Level 3.6 Fighting
 + Level 6.7 Axes
 - Level 2.1 Armour
 - Level 1.5 Dodging


You had 3 spell levels left.
You didn't know any spells.

Dungeon Overview and Level Annotations

Branches:
Dungeon (4/15)
 Temple: D:4-7

Altars:


Message History

It was a potion of flight.
You feel very buoyant.
You fly up into the air.
* * * LOW HITPOINT WARNING * * *
You feel sick.
The ball python bites you but does no damage.
The ball python constricts you. The ball python closely misses you.
* * * LOW HITPOINT WARNING * * *
The ball python constricts you.
You barely miss the ball python.
* * * LOW HITPOINT WARNING * * *
You feel sick. The ball python closely misses you.
* * * LOW HITPOINT WARNING * * *
The ball python constricts you.
The ball python bites you but does no damage.
* * * LOW HITPOINT WARNING * * *
The ball python constricts you.
You barely miss the ball python.
The ball python bites you but does no damage.
You die...

###.#######.###.#.##..#
#.#
................#.##..#
#.#
#...............##..###.#
#...........#...##......##
#.###.#######...##.......#
#....#.....#.......####
#.##.#.###.#.........#
#.##w#$# #S####..†.#.#
#....).###@........#.#
......###.............#.#
#.#... ##................
#.. #....%....##.##.. ....
#.........+.... .# ####
#.........# .### #
#.........# .. #.........#
#.........#


You could see a ball python.

Vanquished Creatures
  An orc priest (D:4)
  A worker ant (D:4)
  2 adders
  A giant gecko (D:2)
  An orc (D:4)
  2 bats (D:1)
  A kobold (D:3)
  A giant newt (D:3)
  2 goblins (D:1)
12 creatures vanquished.

Notes
Turn   | Place    | Note
--------------------------------------------------------------
     0 | D:1      | brucemayne the Hill Orc Berserker began the quest for the Orb.
     0 | D:1      | Reached XP level 1. HP: 19/19 MP: 1/1
   197 | D:2      | Reached skill level 5 in Axes
   197 | D:2      | Reached XP level 2. HP: 17/26 MP: 2/2
   257 | D:3      | Reached XP level 3. HP: 15/31 MP: 3/3
   306 | D:4      | Reached skill level 6 in Axes
   308 | D:4      | Reached XP level 4. HP: 11/39 MP: 4/4
   317 | D:3      | HP: 1/39 [ball python (1)]
   318 | D:3      | Slain by a ball python

Vault maps used:
D:1:      tarquinn_simple_flora_water_d
D:2:      grunt_temple_overflow_forces_of_nature
D:3:      lemuel_crystal_altar, grunt_ministairs_11, minmay_ruptured
D:4:      nicolae_gozag_cash_rules_everything_around_me,
          overflow_temple_1_default, first_bread, serial_park_tiny_pond,
          hex_medium, eino_small_chamber_without_monster

Action                   |  1- 3 |  4- 6 || total
-------------------------+-------+-------++-------
Melee: Hand axe          |    37 |     7 ||    44
Invok: Berserk           |     2 |       ||     2
  Use: Potion            |       |     1 ||     1
 Stab: Sleeping          |     1 |       ||     1
